TOP OF THE 1ST |
Spokane Indians batting - Pitching for Minnesota (NYP) Twins : RHP Felix Perez
|
Pitching: RHP Felix Perez
|
|
Batting: RHB Dennis Daniels
|
0-0: Fly out, F9 (Flyball, 89S, EV 85.6 MPH)
|
Batting: LHB Ben Radach
|
0-0: Swinging Strike 0-1: Called Strike 0-2: Foul Ball, location: 2F 0-2: Strikes out swinging
|
Batting: LHB Gabriel Graves
|
0-0: Swinging Strike 0-1: Ground out U3 (Groundball, 3, EV 107.5 MPH)
|
Top of the 1st over - 0 runs, 0 hits, 0 errors, 0 left on base; Spokane 0 - Minnesota (NYP) 0 |
BOTTOM OF THE 1ST |
Minnesota (NYP) Twins batting - Pitching for Spokane Indians : LHP Leonor Bem
|
Pitching: LHP Leonor Bem
|
|
Batting: LHB Chris Munguia
|
0-0: Called Strike 0-1: Ground out 4-3 (Groundball, 4, EV 83.1 MPH)
|
Batting: RHB Sean Gould
|
0-0: Ball 1-0: Ball 2-0: Called Strike 2-1: Fly out, F7 (Flyball, 7D, EV 91.2 MPH)
|
Batting: RHB David Nardone
|
0-0: Ball 1-0: Ground out 6-3 (Groundball, 6, EV 79.4 MPH)
|
Bottom of the 1st over - 0 runs, 0 hits, 0 errors, 0 left on base; Spokane 0 - Minnesota (NYP) 0 |
TOP OF THE 2ND |
Spokane Indians batting - Pitching for Minnesota (NYP) Twins : RHP Felix Perez
|
Batting: RHB Dale Aubrey
|
0-0: Ball 1-0: Ball 2-0: Ball 3-0: Called Strike 3-1: Base on Balls
|
Batting: SHB David Simpson
|
0-0: Ball Pickoff Throw to First - Error! E1 Dale Aubrey to second 1-0: Ground out 4-3 (Groundball, 13, EV 86.9 MPH) Dale Aubrey to third
|
Batting: LHB Mike Sammons
|
0-0: Swinging Strike 0-1: Foul Ball, location: 2F 0-2: Foul Ball, location: 2F 0-2: Foul Ball, location: 2F 0-2: Ball 1-2: Ball 2-2: Ball 3-2: Ground out 5-3 (Groundball, 5L, EV 89.4 MPH) Dale Aubrey scores
|
Batting: LHB Yat-sen Zhu
|
0-0: Called Strike 0-1: Ball 1-1: Swinging Strike 1-2: Strikes out swinging
|
Top of the 2nd over - 1 run, 0 hits, 1 error, 0 left on base; Spokane 1 - Minnesota (NYP) 0 |
BOTTOM OF THE 2ND |
Minnesota (NYP) Twins batting - Pitching for Spokane Indians : LHP Leonor Bem
|
Batting: SHB Ian Thompson
|
0-0: Foul Ball, location: 2F 0-1: Ball 1-1: Swinging Strike 1-2: Foul Ball, location: 2F 1-2: Foul Ball, location: 2F 1-2: Fly out, F8 (Line Drive, 8RD, EV 90.6 MPH)
|
Batting: RHB Michael McDonald
|
0-0: Ball 1-0: Called Strike 1-1: Fly out, F9 (Flyball, 89S, EV 91.9 MPH)
|
Batting: RHB Jose Nunez
|
0-0: Ball 1-0: Called Strike 1-1: Ball 2-1: SINGLE (Flyball, 5D, EV 102.5 MPH)
|
Batting: LHB Seung-jun Chang
|
0-0: Swinging Strike 0-1: Ball 1-1: Foul Ball, location: 2F 1-2: Ground out 4-3 (Groundball, 4MS, EV 93.1 MPH)
|
Bottom of the 2nd over - 0 runs, 1 hit, 0 errors, 1 left on base; Spokane 1 - Minnesota (NYP) 0 |
TOP OF THE 3RD |
Spokane Indians batting - Pitching for Minnesota (NYP) Twins : RHP Felix Perez
|
Batting: LHB Dave Doughty
|
0-0: Ball 1-0: Called Strike 1-1: Called Strike 1-2: Strikes out swinging
|
Batting: RHB Zi-jing Wang
|
0-0: Ball 1-0: SINGLE (Line Drive, 89S, EV 95.6 MPH)
|
Batting: RHB Dennis Daniels
|
0-0: Ball 1-0: Fly out, F7 (Flyball, 7S, EV 86.2 MPH)
|
Batting: LHB Ben Radach
|
0-0: Ball Zi-jing Wang steals 2nd base (no throw) 1-0: Ball 2-0: Ball 3-0: Called Strike 3-1: Base on Balls
|
Batting: LHB Gabriel Graves
|
0-0: Called Strike 0-1: Foul Ball, location: 2F 0-2: Ball 1-2: Ball 2-2: Foul Ball, location: 2F 2-2: Ground out 4-3 (Groundball, 34, EV 85.6 MPH)
|
Top of the 3rd over - 0 runs, 1 hit, 0 errors, 2 left on base; Spokane 1 - Minnesota (NYP) 0 |
BOTTOM OF THE 3RD |
Minnesota (NYP) Twins batting - Pitching for Spokane Indians : LHP Leonor Bem
|
Batting: RHB Tony Crespo
|
0-0: Ball 1-0: Ball 2-0: Fly out, F4 (Popup, 34S, EV 76.2 MPH)
|
Batting: SHB Donell Burney
|
0-0: Ball 1-0: Called Strike 1-1: Swinging Strike 1-2: SINGLE (Line Drive, 7S, EV 111.9 MPH)
|
Batting: LHB Chris Munguia
|
0-0: Foul Ball, location: 2F 0-1: Called Strike 0-2: Ball 1-2: Strikes out swinging
|
Batting: RHB Sean Gould
|
0-0: Ball 1-0: Swinging Strike 1-1: Ball 2-1: Ball 3-1: Base on Balls Donell Burney to second
|
Batting: RHB David Nardone
|
0-0: Ball 1-0: SINGLE (Line Drive, 89S, EV 90.6 MPH) Donell Burney to third Sean Gould to second Runner from 3rd tries for Home, SAFE, throw by RF to home
|
Batting: SHB Ian Thompson
|
0-0: Ball 1-0: Swinging Strike 1-1: SINGLE (Groundball, 6D, EV 95.0 MPH) Sean Gould to third David Nardone to second Runner from 3rd tries for Home, SAFE, throw by CF to home
|
Batting: RHB Michael McDonald
|
0-0: Ball 1-0: Ball 2-0: Called Strike 2-1: Swinging Strike 2-2: Strikes out looking
|
Bottom of the 3rd over - 2 runs, 3 hits, 0 errors, 2 left on base; Spokane 1 - Minnesota (NYP) 2 |
TOP OF THE 4TH |
Spokane Indians batting - Pitching for Minnesota (NYP) Twins : RHP Felix Perez
|
Batting: RHB Dale Aubrey
|
0-0: Called Strike 0-1: Hit by Pitch
|
Batting: SHB David Simpson
|
0-0: Called Strike Dale Aubrey steals 2nd base 0-1: Called Strike 0-2: SINGLE (Flyball, 56D, EV 100.6 MPH) Dale Aubrey to third
|
Batting: LHB Mike Sammons
|
0-0: 3-RUN HOME RUN (Flyball, 89XD, EV 95.0 MPH) (Inside the Park)
|
Batting: LHB Yat-sen Zhu
|
0-0: Ball 1-0: Ball 2-0: Ball 3-0: Base on Balls
|
Batting: LHB Dave Doughty
|
0-0: Ball 1-0: Ball 2-0: Ball 3-0: Called Strike 3-1: Called Strike 3-2: Fly out, F9 (Flyball, 9LS, EV 79.4 MPH)
|
Batting: RHB Zi-jing Wang
|
0-0: Called Strike 0-1: Ball 1-1: Swinging Strike 1-2: Ball 2-2: Ball 3-2: Fielders Choice at 2nd, 1-4 (Groundball, 15S, EV 70.6 MPH)
|
Batting: RHB Dennis Daniels
|
0-0: Ball 1-0: Ball 2-0: Called Strike 2-1: Called Strike 2-2: Foul Ball, location: 2F 2-2: Foul Ball, location: 2F 2-2: Ball 3-2: Base on Balls Zi-jing Wang to second
|
Batting: LHB Ben Radach
|
0-0: Foul Ball, location: 2F 0-1: Ball 1-1: Foul Ball, location: 2F 1-2: Strikes out swinging
|
Top of the 4th over - 3 runs, 2 hits, 0 errors, 2 left on base; Spokane 4 - Minnesota (NYP) 2 |
BOTTOM OF THE 4TH |
Minnesota (NYP) Twins batting - Pitching for Spokane Indians : LHP Leonor Bem
|
Batting: RHB Jose Nunez
|
0-0: Called Strike 0-1: Swinging Strike 0-2: DOUBLE (Groundball, 5L, EV 99.4 MPH)
|
Batting: LHB Seung-jun Chang
|
0-0: Ball 1-0: Ball 2-0: Foul Ball, location: 2F 2-1: Called Strike 2-2: Ball 3-2: Foul Ball, location: 2F 3-2: Foul Ball, location: 2F 3-2: Foul Ball, location: 2F 3-2: Ground out U3 (Groundball, 34S, EV 84.4 MPH) Jose Nunez to third
|
Batting: RHB Tony Crespo
|
0-0: Ball 1-0: Foul Ball, location: 2F 1-1: Called Strike 1-2: Foul Ball, location: 2F 1-2: Ball 2-2: Foul Ball, location: 2F 2-2: Fly out, F6 (Popup, 6, EV 70.6 MPH)
|
Batting: SHB Donell Burney
|
0-0: SINGLE (Line Drive, 6D, EV 98.1 MPH) Jose Nunez scores
|
Batting: LHB Chris Munguia
|
0-0: Called Strike 0-1: Called Strike 0-2: SINGLE (Flyball, 3D, EV 95.0 MPH) Donell Burney to second Runner from 2nd tries for 3rd, SAFE, throw by RF made to third
|
Batting: RHB Sean Gould
|
0-0: Ball 1-0: Ground out 5-3 (Groundball, 56S, EV 85.0 MPH)
|
Bottom of the 4th over - 1 run, 3 hits, 0 errors, 2 left on base; Spokane 4 - Minnesota (NYP) 3 |
TOP OF THE 5TH |
Spokane Indians batting - Pitching for Minnesota (NYP) Twins : RHP Felix Perez
|
Batting: LHB Gabriel Graves
|
0-0: Fly out, F7 (Flyball, 7S, EV 91.9 MPH)
|
Batting: RHB Dale Aubrey
|
0-0: Ball 1-0: Called Strike 1-1: Ground out U3 (Groundball, 34, EV 104.4 MPH)
|
Batting: SHB David Simpson
|
0-0: Fly out, F9 (Flyball, 9, EV 81.9 MPH)
|
Top of the 5th over - 0 runs, 0 hits, 0 errors, 0 left on base; Spokane 4 - Minnesota (NYP) 3 |
BOTTOM OF THE 5TH |
Minnesota (NYP) Twins batting - Pitching for Spokane Indians : LHP Leonor Bem
|
Batting: RHB David Nardone
|
0-0: Called Strike 0-1: Hit by Pitch
|
Batting: SHB Ian Thompson
|
0-0: Ball 1-0: SINGLE (Flyball, 6D, EV 90.0 MPH) David Nardone to second
|
Batting: RHB Michael McDonald
|
0-0: Ball 1-0: Swinging Strike 1-1: Ball 2-1: Foul Ball, location: 2F 2-2: Fly out, F6 (Flyball, 6MD, EV 95.0 MPH)
|
Batting: RHB Jose Nunez
|
0-0: Called Strike 0-1: Ball 1-1: Foul Ball, location: 2F 1-2: SINGLE (Line Drive, 3D, EV 94.4 MPH) David Nardone to third Ian Thompson to second
|
Batting: LHB Seung-jun Chang
|
0-0: Ball 1-0: Called Strike 1-1: SINGLE (Groundball, 4M, EV 95.6 MPH) David Nardone scores Ian Thompson to third Jose Nunez to second Runner from 3rd tries for Home, SAFE, throw by CF to home
|
Pitching: RHP Jason Barlow
|
|
Batting: RHB Tony Crespo
|
0-0: Ball 1-0: TRIPLE (Flyball, 78XD, EV 93.8 MPH) Jose Nunez scores Seung-jun Chang scores
|
Batting: SHB Donell Burney
|
0-0: Called Strike 0-1: Foul Ball, location: 2F 0-2: Ball 1-2: Ball 2-2: Ground out 4-3 (Groundball, 4, EV 78.1 MPH)
|
Batting: LHB Chris Munguia
|
0-0: Ball 1-0: Ground out 4-3 (Groundball, 4, EV 87.5 MPH)
|
Bottom of the 5th over - 4 runs, 4 hits, 0 errors, 1 left on base; Spokane 4 - Minnesota (NYP) 7 |
TOP OF THE 6TH |
Spokane Indians batting - Pitching for Minnesota (NYP) Twins : RHP Felix Perez
|
Batting: LHB Mike Sammons
|
0-0: Ball 1-0: Called Strike 1-1: Swinging Strike 1-2: SINGLE (Line Drive, 78S, EV 106.2 MPH)
|
Batting: LHB Yat-sen Zhu
|
0-0: Called Strike 0-1: Ball 1-1: Foul Ball, location: 2F 1-2: Foul Ball, location: 2F 1-2: Ball 2-2: Foul Ball, location: 2F 2-2: Ball 3-2: 2-RUN HOME RUN (Line Drive, 89XD, EV 116.9 MPH), Distance : 464 ft
|
Pitching: RHP Stewart Wilson
|
|
Batting: LHB Dave Doughty
|
0-0: Ball 1-0: Ball 2-0: Called Strike 2-1: Fly out, F8 (Flyball, 8RD, EV 91.9 MPH)
|
Batting: RHB Zi-jing Wang
|
0-0: Ball 1-0: Called Strike 1-1: Ground out 5-3 (Groundball, 56, EV 103.1 MPH)
|
Pinch Hitting: LHB Alfonso Collazo
|
0-0: Ball 1-0: Ground out 6-3 (Groundball, 4MS, EV 85.0 MPH)
|
Top of the 6th over - 2 runs, 2 hits, 0 errors, 0 left on base; Spokane 6 - Minnesota (NYP) 7 |
BOTTOM OF THE 6TH |
Minnesota (NYP) Twins batting - Pitching for Spokane Indians : RHP Jason Barlow
|
Now at SS: Reagan Dudley
|
|
Batting: RHB Sean Gould
|
0-0: Ground out 6-3 (Groundball, 56D, EV 85.0 MPH)
|
Batting: RHB David Nardone
|
0-0: Ball 1-0: SINGLE (Groundball, 5D, EV 95.0 MPH)
|
Batting: SHB Ian Thompson
|
0-0: Foul Ball, location: 2F 0-1: Called Strike 0-2: Strikes out looking
|
Batting: RHB Michael McDonald
|
0-0: SINGLE (Line Drive, 5L, EV 99.4 MPH) David Nardone to second
|
Batting: RHB Jose Nunez
|
0-0: Swinging Strike 0-1: Foul Ball, location: 2F 0-2: Foul Ball, location: 2F 0-2: Ball 1-2: Strikes out swinging
|
Bottom of the 6th over - 0 runs, 2 hits, 0 errors, 2 left on base; Spokane 6 - Minnesota (NYP) 7 |
TOP OF THE 7TH |
Spokane Indians batting - Pitching for Minnesota (NYP) Twins : RHP Stewart Wilson
|
Batting: LHB Ben Radach
|
0-0: Foul Ball, location: 2F 0-1: Swinging Strike 0-2: Strikes out swinging
|
Batting: LHB Gabriel Graves
|
0-0: SINGLE (Flyball, 8LS, EV 83.1 MPH)
|
Batting: RHB Dale Aubrey
|
0-0: Ball 1-0: SINGLE (Line Drive, 78S, EV 85.6 MPH) Gabriel Graves to second
|
Batting: SHB David Simpson
|
0-0: Ball 1-0: Fly out, F8 (Flyball, 8RM, EV 75.6 MPH)
|
Batting: LHB Mike Sammons
|
0-0: Ball 1-0: Foul Ball, location: 2F 1-1: Ground out 3-1 (Groundball, 34S, EV 88.1 MPH)
|
Top of the 7th over - 0 runs, 2 hits, 0 errors, 2 left on base; Spokane 6 - Minnesota (NYP) 7 |
BOTTOM OF THE 7TH |
Minnesota (NYP) Twins batting - Pitching for Spokane Indians : RHP Jason Barlow
|
Batting: LHB Seung-jun Chang
|
0-0: Ball 1-0: Called Strike 1-1: Ball 2-1: Swinging Strike 2-2: Strikes out swinging
|
Batting: RHB Tony Crespo
|
0-0: Called Strike 0-1: Ball 1-1: Called Strike 1-2: Foul Ball, location: 2F 1-2: Strikes out swinging
|
Batting: SHB Donell Burney
|
0-0: DOUBLE (Groundball, 3L, EV 103.8 MPH)
|
Batting: LHB Chris Munguia
|
0-0: Ball 1-0: Called Strike 1-1: Ball 2-1: Fly out, F7 (Line Drive, 7D, EV 91.9 MPH)
|
Bottom of the 7th over - 0 runs, 1 hit, 0 errors, 1 left on base; Spokane 6 - Minnesota (NYP) 7 |
TOP OF THE 8TH |
Spokane Indians batting - Pitching for Minnesota (NYP) Twins : RHP Stewart Wilson
|
Batting: LHB Yat-sen Zhu
|
0-0: Ball 1-0: Ball 2-0: Ball 3-0: Base on Balls
|
Pitching: RHP Greg Ritchie
|
|
Batting: LHB Dave Doughty
|
0-0: Bunted foul 0-1: Bunted foul 0-2: Strikes out swinging
|
Batting: RHB Zi-jing Wang
|
0-0: Called Strike 0-1: Bunted foul 0-2: Foul Ball, location: 2F 0-2: Fly out, F3 (Popup, 3S, EV 44.4 MPH)
|
Batting: SHB Reagan Dudley
|
0-0: Called Strike 0-1: Foul Ball, location: 2F 0-2: Ball 1-2: Ball 2-2: Ball 3-2: DOUBLE (Flyball, 8RXD, EV 95.0 MPH) Yat-sen Zhu to third Yat-sen Zhu scores
|
Batting: LHB Ben Radach
|
0-0: Ball 1-0: Foul Ball, location: 2F 1-1: Ball 2-1: Ball 3-1: Base on Balls
|
Batting: LHB Gabriel Graves
|
0-0: Called Strike 0-1: Ball Passed Ball! Reagan Dudley to third Ben Radach to second 1-1: Ball 2-1: Ball 3-1: Base on Balls
|
Batting: RHB Dale Aubrey
|
0-0: Ball 1-0: Foul Ball, location: 2F 1-1: Ball 2-1: Foul Ball, location: 2F 2-2: Foul Ball, location: 2F 2-2: Foul Ball, location: 2F 2-2: Fly out, F9 (Flyball, 89M, EV 86.2 MPH)
|
Top of the 8th over - 1 run, 1 hit, 0 errors, 3 left on base; Spokane 7 - Minnesota (NYP) 7 |
BOTTOM OF THE 8TH |
Minnesota (NYP) Twins batting - Pitching for Spokane Indians : RHP Jason Barlow
|
Batting: RHB Sean Gould
|
0-0: Called Strike 0-1: Ball 1-1: Foul Ball, location: 2F 1-2: SINGLE (Groundball, 4D, EV 107.5 MPH)
|
Batting: RHB David Nardone
|
0-0: Called Strike 0-1: Ball 1-1: Swinging Strike Sean Gould is caught stealing 2nd base 2-4 1-2: SINGLE (Flyball, 6MD, EV 93.1 MPH)
|
Batting: SHB Ian Thompson
|
0-0: Called Strike 0-1: Swinging Strike 0-2: Ball 1-2: Ball 2-2: Strikes out swinging
|
Batting: RHB Michael McDonald
|
0-0: Ball 1-0: Foul Ball, location: 2F 1-1: Swinging Strike 1-2: Strikes out swinging
|
Bottom of the 8th over - 0 runs, 2 hits, 0 errors, 1 left on base; Spokane 7 - Minnesota (NYP) 7 |
TOP OF THE 9TH |
Spokane Indians batting - Pitching for Minnesota (NYP) Twins : RHP Greg Ritchie
|
Pitching: RHP Matt Lundy
|
|
Batting: SHB David Simpson
|
0-0: Ball 1-0: Called Strike 1-1: Foul Ball, location: 2F 1-2: Ground out 1-3 (Groundball, 34S, EV 68.1 MPH)
|
Batting: LHB Mike Sammons
|
0-0: Ball 1-0: Ball 2-0: Fly out, F8 (Flyball, 8RD, EV 101.9 MPH)
|
Batting: LHB Yat-sen Zhu
|
0-0: Foul Ball, location: 2F 0-1: DOUBLE (Line Drive, 7LD, EV 109.4 MPH)
|
Batting: LHB Dave Doughty
|
0-0: Foul Ball, location: 2F 0-1: Called Strike 0-2: Strikes out swinging
|
Top of the 9th over - 0 runs, 1 hit, 0 errors, 1 left on base; Spokane 7 - Minnesota (NYP) 7 |
BOTTOM OF THE 9TH |
Minnesota (NYP) Twins batting - Pitching for Spokane Indians : RHP Jason Barlow
|
Pitching: RHP Jeff Bliss
|
|
Batting: RHB Jose Nunez
|
0-0: Ball 1-0: Foul Ball, location: 2F 1-1: Foul Ball, location: 2F 1-2: SINGLE (Groundball, 56D, EV 101.2 MPH)
|
Batting: LHB Seung-jun Chang
|
0-0: Bunted foul 0-1: Bunt missed! 0-2: Strikes out looking
|
Batting: RHB Tony Crespo
|
0-0: Ball 1-0: DOUBLE (Groundball, 5L, EV 106.2 MPH) Jose Nunez to third
|
Batting: SHB Donell Burney
|
0-0: Ball 1-0: Called Strike 1-1: Foul Ball, location: 2F 1-2: Ball 2-2: Strikes out swinging
|
Batting: LHB Chris Munguia
|
0-0: Ball 1-0: Called Strike 1-1: Ball 2-1: Called Strike 2-2: Foul Ball, location: 2F 2-2: Strikes out swinging
|
Bottom of the 9th over - 0 runs, 2 hits, 0 errors, 2 left on base; Spokane 7 - Minnesota (NYP) 7 |
TOP OF THE 10TH |
Spokane Indians batting - Pitching for Minnesota (NYP) Twins : RHP Matt Lundy
|
Batting: RHB Zi-jing Wang
|
0-0: Ball 1-0: Ball 2-0: Ball 3-0: Called Strike 3-1: DOUBLE (Line Drive, 78M, EV 105.6 MPH)
|
Batting: SHB Reagan Dudley
|
0-0: Called Strike 0-1: Ball 1-1: Called Strike 1-2: Ball 2-2: Foul Ball, location: 2F 2-2: SINGLE (Flyball, 89S, EV 89.4 MPH) Zi-jing Wang to third
|
Pitching: RHP Josh Halvorson
|
|
Batting: LHB Ben Radach
|
0-0: Fly out, F4 (Popup, 34, EV 69.4 MPH)
|
Batting: LHB Gabriel Graves
|
0-0: Ball 1-0: Called Strike 1-1: Called Strike 1-2: Strikes out swinging
|
Batting: RHB Dale Aubrey
|
0-0: Ball 1-0: Ball 2-0: Ball 3-0: Fly out, F6 (Flyball, 56D, EV 88.1 MPH)
|
Top of the 10th over - 0 runs, 2 hits, 0 errors, 2 left on base; Spokane 7 - Minnesota (NYP) 7 |
BOTTOM OF THE 10TH |
Minnesota (NYP) Twins batting - Pitching for Spokane Indians : RHP Jeff Bliss
|
Pitching: LHP Juan Garmendez
|
|
Batting: RHB Sean Gould
|
0-0: Called Strike 0-1: Called Strike 0-2: Foul Ball, location: 2F 0-2: Ball 1-2: Foul Ball, location: 2F 1-2: Ball 2-2: Strikes out swinging
|
Batting: RHB David Nardone
|
0-0: Foul Ball, location: 2F 0-1: Called Strike 0-2: Foul Ball, location: 2F 0-2: Ball 1-2: Foul Ball, location: 2F 1-2: Strikes out swinging
|
Batting: SHB Ian Thompson
|
0-0: Called Strike 0-1: Swinging Strike 0-2: Strikes out swinging
|
Bottom of the 10th over - 0 runs, 0 hits, 0 errors, 0 left on base; Spokane 7 - Minnesota (NYP) 7 |
TOP OF THE 11TH |
Spokane Indians batting - Pitching for Minnesota (NYP) Twins : RHP Josh Halvorson
|
Batting: SHB David Simpson
|
0-0: Ball 1-0: Swinging Strike 1-1: Foul Ball, location: 2F 1-2: Ball 2-2: SINGLE (Groundball, 6, EV 103.1 MPH)
|
Batting: LHB Mike Sammons
|
0-0: Ball David Simpson steals 2nd base 1-0: Swinging Strike 1-1: Foul Ball, location: 2F 1-2: Hit by Pitch
|
Batting: LHB Yat-sen Zhu
|
0-0: Ball 1-0: Ball 2-0: Reached on error, E4 (Groundball, 34, EV 109.4 MPH) David Simpson to third Mike Sammons to second
|
Batting: LHB Dave Doughty
|
0-0: Fly out, F9 (Flyball, 9LS, EV 86.2 MPH)
|
Batting: RHB Zi-jing Wang
|
0-0: Foul Ball, location: 2F 0-1: Fly out, F7 (Flyball, 7D, EV 94.4 MPH) Runner from 3rd tags up, SCORES, no throw by LF
|
Batting: SHB Reagan Dudley
|
0-0: Called Strike 0-1: Ball 1-1: Foul Ball, location: 2F 1-2: Ball 2-2: Strikes out swinging
|
Top of the 11th over - 1 run, 1 hit, 1 error, 2 left on base; Spokane 8 - Minnesota (NYP) 7 |
BOTTOM OF THE 11TH |
Minnesota (NYP) Twins batting - Pitching for Spokane Indians : LHP Juan Garmendez
|
Now at 1B: Tony Mendez
|
|
Batting: RHB Michael McDonald
|
0-0: Hit by Pitch
|
Batting: RHB Jose Nunez
|
0-0: Ball 1-0: Ball 2-0: Ball 3-0: Base on Balls Michael McDonald to second
|
Batting: LHB Seung-jun Chang
|
0-0: Sac Bunt to 13 - play at first, batter OUT! 1-4 Michael McDonald to third Jose Nunez to second
|
Batting: RHB Tony Crespo
|
0-0: Intentional Walk
|
Batting: SHB Donell Burney
|
0-0: Foul Ball, location: 2F 0-1: Foul Ball, location: 2F 0-2: Ball 1-2: Strikes out swinging
|
Pinch Hitting: RHB Willie Jimenez
|
0-0: Called Strike 0-1: Ball 1-1: Fielders Choice at 2nd, 6-4 (Groundball, 6, EV 92.5 MPH)
|
Bottom of the 11th over - 0 runs, 0 hits, 0 errors, 3 left on base; Spokane 8 - Minnesota (NYP) 7 |
|